 Dungeon Crawl Stone Soup version 0.25-a0-565-g8875c97ebb (webtiles) character file.

Game seed: 6782354403906526743, levelgen mode: deterministic

2980 MisterFreud the Blocker (level 9, 0/74 HPs)
             Began as a Gnoll Fighter on Feb 26, 2020.
             Was a Follower of Ashenzari.
             Killed by nerve-wracking pain
             ... invoked by an orc priest
              (11 damage)
             ... on level 8 of the Dungeon.
             The game lasted 00:11:24 (6073 turns).

MisterFreud the Blocker (Gnoll Fighter)             Turns: 6073, Time: 00:11:25

Health: 0/74       AC: 13    Str: 18    XL:     9   Next: 83%
Magic:  15/15      EV:  8    Int: 13    God:    Ashenzari [*.....]
Gold:   442        SH: 11    Dex: 16    Spells: 17/17 levels left

rFire    . . .     SeeInvis .   b - +1 dagger (venom)
rCold    . . .     Gourm    .   c - +0 kite shield (curse)
rNeg     . . .     Faith    .   g - +0 chain mail
rPois    +         Spirit   .   F - +1 helmet
rElec    .         Reflect  .   (no cloak)
rCorr    .         Harm     .   (no gloves)
MR       +....                  (no boots)
Stlth    ..........             (no amulet)
HPRegen  0.22/turn              n - ring of poison resistance
MPRegen  0.14/turn              O - ring of protection from magic

@: flying
A: distributed training, fangs 1, strong nose
a: Curse Item, Scrying, Renounce Religion


You were on level 8 of the Dungeon.
You worshipped Ashenzari.
Ashenzari was aware of your devotion.
You were not hungry.

You visited 2 branches of the dungeon, and saw 9 of its levels.

You collected 442 gold pieces.

Inventory:

Hand Weapons
 a - a +0 rapier
 b - a +1 dagger of venom (weapon)
Missiles
 j - 8 javelins
 l - 39 poisoned darts (quivered)
 m - 316 stones
 o - 6 silver javelins
 t - 2 throwing nets
 z - 122 arrows
 I - 41 sling bullets
 L - 10 boomerangs
 N - 48 bolts
Armour
 c - a cursed +0 kite shield (worn)
 g - a +0 chain mail (worn)
 B - a +0 scale mail
 F - a +1 helmet (worn)
Jewellery
 n - a ring of poison resistance (left hand)
 A - an uncursed ring of fire
 E - an uncursed ring of see invisible
 O - a ring of protection from magic (right hand)
 P - a +3 ring of intelligence
Wands
 C - a wand of iceblast (6)
Scrolls
 e - 3 scrolls of fear {unknown}
 h - 5 scrolls of blinking {unknown}
 i - 2 scrolls of remove curse
 k - 6 scrolls of identify {unknown}
 s - 2 scrolls of teleportation {unknown}
 v - a scroll of magic mapping {unknown}
 y - a scroll of immolation {unknown}
 D - 2 scrolls of enchant armour {unknown}
 J - a scroll of noise {unknown}
 Q - a scroll of fog {unknown}
Potions
 d - a potion of might
 p - 2 potions of mutation {unknown}
 q - a potion of heal wounds {unknown}
 r - 3 potions of flight
 u - a potion of curing
 w - a potion of berserk rage {unknown}
 x - 2 potions of brilliance {unknown}
 G - 3 potions of lignification {unknown}
 H - a potion of resistance {unknown}
 M - a potion of cancellation {unknown}
Comestibles
 f - 16 rations
 K - 12 chunks of flesh


   Skills:
 + Level 8.0 Fighting
 + Level 6.5 Short Blades
 + Level 4.5 Long Blades
 + Level 4.5 Axes
 + Level 4.5 Maces & Flails
 + Level 4.5 Polearms
 + Level 4.5 Staves
 + Level 4.5 Slings
 + Level 4.5 Bows
 + Level 4.5 Crossbows
 + Level 4.5 Throwing
 + Level 8.0 Armour
 + Level 4.5 Dodging
 + Level 4.5 Stealth
 + Level 8.0 Shields
 + Level 4.5 Unarmed Combat
 + Level 4.5 Spellcasting
 + Level 3.7 Conjurations
 + Level 3.7 Hexes
 + Level 3.7 Charms
 + Level 3.7 Summonings
 + Level 3.7 Necromancy
 + Level 3.7 Translocations
 + Level 3.7 Transmutations
 + Level 3.7 Fire Magic
 + Level 3.7 Ice Magic
 + Level 3.7 Air Magic
 + Level 3.7 Earth Magic
 + Level 3.7 Poison Magic
 + Level 5.0 Invocations
 + Level 4.5 Evocations


You had 17 spell levels left.
You didn't know any spells.
Your spell library contained the following spells:

 Spells                   Type           Power        Failure   Level  Hunger
 Animate Skeleton         Necr           N/A          71%         1    None
 Pain                     Necr           ##..         71%         1    None
 Shock                    Conj/Air       ##..         71%         1    None
 Swiftness                Chrm/Air       ##......     83%         2    ##.....
 Static Discharge         Conj/Air       ##......     97%         3    ###....
 Vampiric Draining        Necr           ##........   97%         3    ###....
 Airstrike                Air            ##........   100%        4    ####...
 Animate Dead             Necr           N/A          100%        4    ####...
 Agony                    Necr           ##......     100%        5    ######.
 Lightning Bolt           Conj/Air       ##........   100%        5    ######.


Dungeon Overview and Level Annotations

Branches:
Dungeon (8/15)             Temple (1/1) D:4
   Lair: D:8-11

Altars:
Ashenzari
Dithmenos
Elyvilon
Fedhas
Gozag
Hepliaklqana
Kikubaaqudgha
Qazlal
Ru
Trog
Vehumet
Zin

Annotations:
D:4 3 runed translucent doors, Flugslaktarn's ghost, amateur DDFi


Innate Abilities, Weirdness & Mutations

Your experience applies equally to all skills.
You have very sharp teeth.
Your uncanny sense of smell can sniff out nearby items.


Message History

* * * LOW HITPOINT WARNING * * *
You barely miss the orc priest. You closely miss the orc priest.
You block the orc priest's attack.
You barely miss the orc priest.
The orc priest hits you but does no damage.
You hit the orc priest.
The orc priest is poisoned.
The orc priest is lightly wounded.
The orc priest barely misses you.
Your shield and chain mail prevent you from hitting the orc priest.
The orc priest is lightly wounded.
You barely miss the orc priest.
The orc priest is lightly wounded.
You block the orc priest's attack.
You hit the orc priest.
The orc priest looks as sick as possible!
You bite the orc priest.
The orc priest is heavily wounded.
The orc priest calls down the wrath of Beogh upon you.
Pain shoots through your body!
You die...

### ... #.# #.#
###########.####.#
#.o..)...........#
#@#########.######
#.# #†# #.# #'#
#.# #............#
#.# #............#
#.# #............#
#.# #............#
#.# #######.######
###.######
#.......


You could see an orc priest.

Vanquished Creatures
  4 yaks
  A water moccasin (D:7)
  2 orc warriors
  A sky beast (D:7)
  A necrophage (D:5)
  A black bear (D:8)
  A phantom (D:7)
  4 ogres
  3 centaurs
  4 scorpions
  2 crimson imps
  2 jellies (D:6)
  A centaur zombie (D:5)
  A centaur skeleton (D:6)
  3 orc wizards
  5 hounds
  An iguana (D:7)
  Ijyb (D:3)
  5 worker ants
  A hound skeleton (D:6)
  A howler monkey zombie (D:6)
  Robin (D:4)
  10 adders
  12 gnolls
  A howler monkey skeleton (D:6)
  2 shadow imps (D:5)
  An adder skeleton (D:7)
  An adder zombie (D:8)
  A worm (D:2)
  4 dart slugs
  8 leopard geckos
  16 orcs
  5 giant cockroaches
  18 goblins
  9 hobgoblins
  2 jackals (D:5)
  4 quokkas
  5 bats
  4 frilled lizards
  7 kobolds
  8 rats
164 creatures vanquished.

Notes
Turn   | Place    | Note
-------+----------+-------------------------------------------
     0 | D:1      | MisterFreud the Gnoll Fighter began the quest for the Orb.
     0 | D:1      | Reached XP level 1. HP: 23/23 MP: 1/1
   222 | D:1      | Reached XP level 2. HP: 29/29 MP: 2/2
   812 | D:1      | Reached XP level 3. HP: 35/35 MP: 3/3
   868 | D:2      | Reached skill level 1 in Invocations
   882 | D:2      | Reached skill level 1 in Long Blades
   882 | D:2      | Reached skill level 1 in Axes
   882 | D:2      | Reached skill level 1 in Maces & Flails
   882 | D:2      | Reached skill level 1 in Polearms
   882 | D:2      | Reached skill level 1 in Staves
   882 | D:2      | Reached skill level 1 in Slings
   882 | D:2      | Reached skill level 1 in Bows
   882 | D:2      | Reached skill level 1 in Crossbows
   882 | D:2      | Reached skill level 1 in Throwing
   882 | D:2      | Reached skill level 1 in Dodging
   882 | D:2      | Reached skill level 1 in Stealth
   882 | D:2      | Reached skill level 1 in Unarmed Combat
   882 | D:2      | Reached skill level 1 in Spellcasting
   882 | D:2      | Reached skill level 1 in Evocations
   906 | D:2      | Reached XP level 4. HP: 38/41 MP: 5/5
  1331 | D:2      | Found an opulent altar of Gozag.
  1525 | D:3      | Found a hazy altar of Hepliaklqana.
  1601 | D:3      | Reached skill level 1 in Conjurations
  1601 | D:3      | Reached skill level 1 in Hexes
  1601 | D:3      | Reached skill level 1 in Charms
  1601 | D:3      | Reached skill level 1 in Summonings
  1601 | D:3      | Reached skill level 1 in Necromancy
  1601 | D:3      | Reached skill level 1 in Translocations
  1601 | D:3      | Reached skill level 1 in Transmutations
  1601 | D:3      | Reached skill level 1 in Fire Magic
  1601 | D:3      | Reached skill level 1 in Ice Magic
  1601 | D:3      | Reached skill level 1 in Air Magic
  1601 | D:3      | Reached skill level 1 in Earth Magic
  1601 | D:3      | Reached skill level 1 in Poison Magic
  1601 | D:3      | Reached XP level 5. HP: 40/47 MP: 5/7
  1637 | D:3      | Found a blossoming altar of Fedhas.
  1779 | D:3      | Noticed Ijyb
  1792 | D:3      | Killed Ijyb
  2262 | D:3      | Reached XP level 6. HP: 53/53 MP: 8/8
  2294 | D:4      | Reached skill level 5 in Short Blades
  2308 | D:4      | Found a runed translucent gate.
  2308 | D:4      | Found a runed translucent gate.
  2309 | D:4      | Found a runed translucent gate.
  2314 | D:4      | Noticed Flugslaktarn's ghost (amateur DDFi)
  2635 | D:4      | Reached XP level 7. HP: 59/59 MP: 10/10
  2650 | D:4      | Noticed Robin
  2678 | D:4      | Killed Robin
  2734 | D:4      | Found a staircase to the Ecumenical Temple.
  2754 | Temple   | Entered the Ecumenical Temple
  2784 | Temple   | Became a worshipper of Ashenzari the Shackled
  3161 | D:5      | Entered Level 5 of the Dungeon
  3851 | D:6      | Reached XP level 8. HP: 66/67 MP: 12/12
  4896 | D:7      | Found a bloodstained altar of Trog.
  4912 | D:7      | Reached XP level 9. HP: 66/72 MP: 14/14
  5064 | D:7      | Reached * piety under Ashenzari
  6056 | D:8      | Reached skill level 5 in Invocations
  6057 | D:8      | HP: 3/74 [orc priest/divine providence (14)]
  6073 | D:8      | Killed from afar by an orc priest

Levels and vault maps discovered:
D:1:      lightli_arrival_flooded_house, layout_rooms, minmay_misc_feat_hallway,
          minmay_misc_feat_rows
D:2:      layout_basic, lemuel_round_altar
D:3:      layout_loops_corners, overflow_temple_1_default, fedhas_altar_3,
          first_ration, uniq_ijyb
D:4:      mumra_celtic_spiral_tile, layout_basic, minmay_temple_entry_hall,
          gammafunk_ghost_necromancy, uniq_robin
D:5:      layout_basic, serial_bayou_ford_a
D:6:      layout_loops_ring, feat_on_display
D:7:      layout_loops_ring, overflow_temple_1_default
D:8:      minmay_slanted_spiral_squares, layout_basic, serial_shops,
          nicolae_shop_behind_doors
Temple:   regret_index_temple_mists

Skill      XL: |  1  2  3  4  5  6  7  8  9 |
---------------+----------------------------+-----
Invocations    | 1 2 3 4 5 |  5.0
Long Blades    | 1 2 3 4 |  4.5
Axes           | 1 2 3 4 |  4.5
Maces & Flails | 1 2 3 4 |  4.5
Polearms       | 1 2 3 4 |  4.5
Staves         | 1 2 3 4 |  4.5
Slings         | 1 2 3 4 |  4.5
Bows           | 1 2 3 4 |  4.5
Crossbows      | 1 2 3 4 |  4.5
Throwing       | 1 2 3 4 |  4.5
Dodging        | 1 2 3 4 |  4.5
Stealth        | 1 2 3 4 |  4.5
Unarmed Combat | 1 2 3 4 |  4.5
Spellcasting   | 1 2 3 4 |  4.5
Evocations     | 1 2 3 4 |  4.5
Conjurations   | 1 2 3 |  3.7
Hexes          | 1 2 3 |  3.7
Charms         | 1 2 3 |  3.7
Summonings     | 1 2 3 |  3.7
Necromancy     | 1 2 3 |  3.7
Translocations | 1 2 3 |  3.7
Transmutations | 1 2 3 |  3.7
Fire Magic     | 1 2 3 |  3.7
Ice Magic      | 1 2 3 |  3.7
Air Magic      | 1 2 3 |  3.7
Earth Magic    | 1 2 3 |  3.7
Poison Magic   | 1 2 3 |  3.7
Short Blades   | 5 6 |  6.5
Fighting       | 7 8 |  8.0
Armour         | 7 8 |  8.0
Shields        | 7 8 |  8.0

Action                   |  1- 3 |  4- 6 |  7- 9 || total
-------------------------+-------+-------+-------++-------
Melee: Rapier            |    93 |    69 |    54 ||   216
       Bite              |    12 |    19 |    89 ||   120
       Dagger            |       |   112 |   471 ||   583
Throw: Dart              |       |     3 |     4 ||     7
       Javelin           |       |       |     1 ||     1
Invok: Curse Item        |       |       |     1 ||     1
  Use: Scroll            |     1 |       |       ||     1
       Potion            |       |       |     2 ||     2
  Eat: Chunk             |       |     6 |    11 ||    17
Armor: Scale mail        |    21 |       |       ||    21
       Chain mail        |    19 |    46 |   161 ||   226
Dodge: Dodged            |    23 |    19 |    85 ||   127
Block: Kite shield       |    47 |    58 |   222 ||   327

Table legend:
 A = Non-vault XP
 B = Vault XP
 C = Vault XP percentage of total XP
 D = Non-vault monster count
 E = Vault monster count
 F = Vault count percentage of total count
                 A         B        C        D         E       F
            +---------+---------+-------+---------+---------+-------
      Total |    4188 |      70 |   1.6 |     152 |      12 |   7.3
            +---------+---------+-------+---------+---------+-------
        D:1 |      45 |       0 |   0.0 |      17 |       0 |   0.0
        D:2 |      61 |       0 |   0.0 |      26 |       0 |   0.0
        D:3 |     180 |      36 |  16.7 |      22 |       1 |   4.3
        D:4 |     404 |      34 |   7.8 |      14 |      11 |  44.0
        D:5 |     566 |       0 |   0.0 |      17 |       0 |   0.0
        D:6 |     527 |       0 |   0.0 |      13 |       0 |   0.0
        D:7 |    1308 |       0 |   0.0 |      28 |       0 |   0.0
        D:8 |    1097 |       0 |   0.0 |      15 |       0 |   0.0
            +---------+---------+-------+---------+---------+-------
